 Dungeon Crawl Stone Soup version 0.24.1 (webtiles) character file.

Game seed: 13363151086199231597, levelgen mode: deterministic

37 MajorAdolf the Sneak (level 3, -2/33 HPs)
             Began as a Naga Wanderer on Mar 28, 2020.
             Slain by a hound (4 damage)
             ... on level 2 of the Dungeon.
             The game lasted 00:01:54 (1678 turns).

MajorAdolf the Sneak (Naga Wanderer)                Turns: 1678, Time: 00:01:54

Health: -2/33      AC:  2    Str: 15    XL:     3   Next: 41%
Magic:  3/3        EV:  9    Int: 12    God:
Gold:   43         SH:  0    Dex: 10    Spells: 2/2 levels left

rFire    . . .     SeeInvis +   c - +0 falchion
rCold    . . .     Gourm    .   (no shield)
rNeg     . . .     Faith    .   e - +0 robe
rPois    +         Spirit   .   (no helmet)
rElec    .         Reflect  .   (no cloak)
rCorr    .         Harm     .   (no gloves)
MR       .....                  (no barding)
Stlth    ++........             (no amulet)
HPRegen  0.11/turn              (no ring)
MPRegen  0.08/turn              (no ring)

@: very slow
A: large, see invisible, deformed body, poison resistance, slowness 2, slow
metabolism 1, spit poison 1, AC +1
a: Spit Poison


You were on level 2 of the Dungeon.
You were hungry.

You visited 1 branch of the dungeon, and saw 2 of its levels.

You collected 43 gold pieces.

Inventory:

Hand Weapons
 a - a +2 shortbow
 c - a +0 falchion (weapon)
 f - a +0 dagger
Missiles
 b - 27 arrows
Armour
 e - a +0 robe (worn)
Scrolls
 i - a scroll of fog {unknown}
 j - a scroll of teleportation {unknown}
 l - a scroll of remove curse {unknown}
Potions
 d - a potion of lignification
 h - a potion of flight {unknown}
 k - a potion of haste {unknown}
Comestibles
 g - 3 rations


   Skills:
 + Level 2.6 Fighting
   Level 1.0 Polearms
 - Level 2.6 Bows
 + Level 1.7 Armour
 + Level 1.2 Dodging
 - Level 4.4 Stealth


You had 2 spell levels left.
You didn't know any spells.
Your spell library was empty.

Dungeon Overview and Level Annotations

Branches:
Dungeon (2/15)

Altars:


Innate Abilities, Weirdness & Mutations

You cannot wear boots.
Your serpentine skin is tough. (AC +1)
You have supernaturally acute eyesight. (SInv)
Armour fits poorly on your strangely shaped body.
Your system is resistant to poisons. (rPois)
You cover ground very slowly.
You have a slow metabolism.
You can spit poison.


Message History

The frilled lizard bites you.
You barely miss the hound.
The hound is lightly wounded.
The hound bites you.
A jackal comes into view.
The hound bites you.
The frilled lizard bites you but does no damage.
You hit the hound.
The hound is heavily wounded.
The hound bites you.
* * * LOW HITPOINT WARNING * * *
The hound bites you.
* * * LOW HITPOINT WARNING * * *
The frilled lizard bites you.
* * * LOW HITPOINT WARNING * * *
You hit the hound.
The hound is severely wounded.
You have got your breath back.
The bat closely misses you. The hound bites you.
You die...

####### #
....... ...
.......
....####.......
...............
...$...@.......
......lhb......
...............
.......<....#.#
#.........### #
##..h.....#
###.....<.
..#....##


You could see a hound, a jackal, a bat and a frilled lizard.

Vanquished Creatures
  An ooze (D:1)
  A worm (D:1)
  A dart slug (D:1)
  A ball python (D:1)
  A bat (D:1)
  A giant cockroach (D:1)
  4 goblins (D:1)
  2 hobgoblins (D:1)
  7 jackals (D:1)
  3 kobolds (D:1)
  2 rats (D:1)
24 creatures vanquished.

Notes
Turn   | Place    | Note
-------+----------+-------------------------------------------
     0 | D:1      | MajorAdolf the Naga Wanderer began the quest for the Orb.
     0 | D:1      | MajorAdolf set off with the following items: a +2 shortbow,
                  | 27 arrows, a +0 falchion, a potion of lignification, a +0
                  | robe, a +0 dagger, a ration
     0 | D:1      | Reached XP level 1. HP: 19/19 MP: 1/1
   167 | D:1      | Reached XP level 2. HP: 22/26 MP: 2/2
   801 | D:1      | Reached skill level 1 in Dodging
   893 | D:1      | Reached XP level 3. HP: 29/33 MP: 3/3
  1678 | D:2      | Slain by a hound

Levels and vault maps discovered:
D:1:      elethiomel_arrival_infinity_welcomes_careful_drivers,
          layout_loops_ring
D:2:      layout_rooms

Skill      XL: |  1  2 |
---------------+-------+-----
Dodging        | 1 |  1.2
Fighting       | |  2.6
Polearms       | |  1.0
Bows           | |  2.6
Armour         | |  1.7
Stealth        | |  4.4

Action                   || total
-------------------------++-------
Melee: Falchion          ||   111
 Abil: Spit Poison       ||     5
 Stab: Sleeping          ||     5
  Eat: Chunk             ||     1
Armor: Robe              ||    31
Dodge: Dodged            ||    74
       Rpst.: Falchion   ||    23
